AoeStats
← DIABLO

Black Forest

509222033Analyzed
2v2 RM · 5d ago on Sep 26, 2026· 49m 57s· 4 players
Game mode
Random Map
Map size
Medium (4 player)
Population
200
Speed
Normal
Resources
Standard
Victory
Conquest
Starting age
Dark Age
Ending age
Imperial Age
RankedLock teamsTeams togetherTeam positionsShared explorationLock speedFull tech treeHidden civsTurbo modeCheats
Victory
Defeat
🇨🇱 Celts · Chile
1323
+16
🇵🇪 Varangians · Peru
1301
+18
🇹🇷 Jurchens · Türkiye
1336
-17
🇲🇦 Khmer · Morocco
1323
-17
Nitroshots
0:37 Loom
12:08 Feudal Age
16:18 Castle Age
15:04 Double-Bit Axe
18:21 Bow Saw
18:09 Horse Collar
24:20 Wheelbarrow
24:06 Caravan
26:55 Gold Mining
27:38 Hand Cart
33:18 Imperial Age
31:15 Heavy Plow
31:03 Vendel Legacy
31:52 Husbandry
32:03 Bloodlines
32:04 Forging
32:00 Scale Barding Armor
32:54 Pikeman
33:35 Squires
33:20 Arson
34:14 Iron Casting
33:39 Scale Mail Armor
34:00 Chain Barding Armor
34:27 Conscription
34:26 Cavalier
36:07 Blast Furnace
34:40 Halberdier
35:23 Scale Mail Armor
37:00 Plate Barding Armor
38:04 Two-Man Saw
37:37 Crop Rotation
36:59 Stone Mining
39:50 Chain Mail Armor
41:09 Chemistry
43:43 Plate Mail Armor
45:28 Fletching
46:24 Bodkin Arrow
48:23 Elite Jarl
gustalheim96
10:44 Feudal Age
12:03 Double-Bit Axe
15:25 Castle Age
17:16 Caravan
17:30 Double-Bit Axe
23:41 Town Watch
23:42 Loom
26:59 Imperial Age
26:14 Bow Saw
26:44 Sanctity
26:32 Gold Mining
26:51 Fishing Lines
29:54 Heavy Scorpion
31:18 Scale Mail Armor
32:50 Chain Mail Armor
34:58 Plate Mail Armor
36:44 Siege Engineers
36:49 Capped Ram
38:34 Gillnets
39:23 Forging
39:16 Pikeman
42:48 Halberdier
44:42 Masonry
45:56 Onager
Starrk
0:43 Loom
12:53 Feudal Age
17:17 Castle Age
23:46 Fishing Lines
25:58 Horse Collar
26:07 Double-Bit Axe
32:08 Imperial Age
30:19 Gold Mining
30:21 Stone Mining
32:38 Wheelbarrow
31:49 Town Watch
34:06 Double Crossbow
34:30 Siege Engineers
36:48 Conscription
40:39 Ballistics
40:07 Heavy Scorpion
42:30 Chemistry
43:52 Capped Ram
46:47 Siege Ram
DIABLO
1:02 Loom
11:59 Feudal Age
13:30 Double-Bit Axe
16:02 Castle Age
14:22 Horse Collar
18:09 Bow Saw
21:42 Wheelbarrow
21:48 Town Watch
23:44 Heavy Plow
25:23 Hand Cart
26:48 Caravan
27:15 Gold Mining
27:19 Stone Mining
27:49 Fortified Wall
27:49 Masonry
31:15 Imperial Age
30:35 Scale Barding Armor
30:40 Forging
30:53 Fortified Bastions
30:46 Fletching
30:58 Padded Archer Armor
30:52 Treadmill Crane
31:10 Murder Holes
32:08 Elite Iron Pagoda
33:45 Town Patrol
34:07 Chain Barding Armor
34:22 Iron Casting
33:44 Bodkin Arrow
34:02 Bloodlines
33:54 Husbandry
34:30 Conscription
35:41 Thunderclap Bombs
36:11 Plate Barding Armor
36:18 Heavy Rocket Cart
37:37 Guilds
39:25 Two-Man Saw
39:38 Blast Furnace
38:40 Scale Mail Armor
38:52 Bracer
39:45 Squires
39:13 Elite Fire Lancer
43:01 Chemistry
42:21 Ballistics
42:07 Siege Engineers
42:42 Arson
43:44 Chain Mail Armor
Connection lost

Rejoining the realm…

Still unreachable

The connection could not be restored.

Session expired

The server has moved on; the page needs a fresh start.